 Dungeon Crawl Stone Soup version 0.31-a0-845-g9abc20d24f (webtiles) character file.

Game seed: 7102440959972682615

173 Nedwor the Slasher (level 5, 0/41 HPs)
             Began as a Merfolk Gladiator on Oct 2, 2023.
             Succumbed to an adder's poison
             ... in a sewer.
             The game lasted 00:04:21 (1646 turns).

Nedwor the Slasher (Merfolk Gladiator)              Turns: 1646, Time: 00:04:22

Health: 0/41       AC:  6    Str: 14    XL:     5   Next: 53%
Magic:  5/5        EV: 13    Int:  7    God:
Gold:   113        SH:  0    Dex: 18    Spells: 4/4 levels left

rFire   . . .        a - +0 long sword
rCold   . . .        (no shield)
rNeg    . . .        k - +0 ring mail
rPois   .            c - +0 helmet
rElec   .            (no cloak)
rCorr   .            (no gloves)
SInv    .            (no boots)
Will    .....        (no amulet) Stlth
                     (no ring)
HPRegen 0.26/turn    (no ring)
MPRegen 0.09/turn

%: no passive effects
@: lethally poisoned (0 -> -1), silenced
A: (nimble swimmer 2), mertail
a: no special abilities


You were in a sewer.
You visited 1 branch of the dungeon, and saw 3 of its levels.
You also visited: Sewer.

You collected 113 gold pieces.

Inventory:

Hand Weapons
 a - a +0 long sword (weapon)
Missiles
 d - 3 throwing nets
 e - a javelin
Armour
 c - a +0 helmet (worn)
 k - a +0 ring mail (worn)
Scrolls
 f - 3 scrolls of teleportation {unknown}
 i - 4 scrolls of poison {unknown}
 j - a scroll of amnesia (quivered) {unknown}
Potions
 l - a potion of degeneration {unknown}


   Skills:
 + Level 3.6 Fighting
 * Level 5.7 Long Blades
 - Level 2.0 Throwing
 + Level 5.2 Dodging


You had 4 spell levels left.
You didn't know any spells.
Your spell library contained the following spells:

 Spells                   Type           Power      Damage    Failure   Level
 Summon Guardian Golem    Hex/Summ       0%         N/A       96%         3
 Orb of Destruction       Conj           0%         9d5       100%        7
 Spellforged Servitor     Conj/Summ      0%         N/A       100%        7


Dungeon Overview and Level Annotations

Branches:
Dungeon (3/15)              Sewer (1/1)

Altars:


Innate Abilities, Weirdness & Mutations

((You are very nimble when in or above water. (Stealth+, EV+, Speed+++)))
Your lower body shifts to a powerful aquatic tail in water.


Message History

* * * LOW HITPOINT WARNING * * *
You are poisoned.
The adder poisons you!
You hit the bullfrog.
The bullfrog is severely wounded.
You feel sick. The ball python closely misses you.
The ball python constricts you. The bullfrog misses you. The adder bites you.
* * * LOW HITPOINT WARNING * * *
The ball python bites you but does no damage.
The ball python misses you. The ball python constricts you.
The bullfrog misses you.
* * * LOW HITPOINT WARNING * * *
You feel sick. The adder bites you but does no damage.
The ball python bites you but does no damage.
The bullfrog hits you but does no damage.
The ball python completely misses you. The ball python constricts you.
* * * LOW HITPOINT WARNING * * *
The adder misses you.
You escape the ball python's grasp.
The bullfrog barely misses you. The ball python barely misses you. x2
* * * LOW HITPOINT WARNING * * *
You feel sick. The bullfrog completely misses you.
The ball python barely misses you. x2
The adder bites you but does no damage. The bullfrog barely misses you.
* * * LOW HITPOINT WARNING * * *
You feel sick. The ball python misses you. The ball python barely misses you.
* * * LOW HITPOINT WARNING * * *
You feel sick. The adder attacks as it pursues you!
The adder bites you but does no damage.
The ball python bites you but does no damage.
The ball python barely misses you. The bullfrog completely misses you.
The adder bites you.
* * * LOW HITPOINT WARNING * * *
The ball python misses you. The ball python grabs you.
The ball python constricts you.
You see here a frilled lizard corpse.
Unknown command.
Unknown command.
You escape the ball python's grasp.
You die...

#.~~~~~~~≈~~~~~~~
#..~~~~~~≈~~~~..~
##†††##.~≈~~#####
#~~~##~~†~~#
#~~~##~~≈†.#
#.~~##.~≈~.# #######
#.~.##.~≈~.###≈≈≈≈≈##
#~~~##.~≈~.#≈≈≈≈≈≈≈≈##
#.~.##.~≈~@#≈≈≈≈≈≈≈≈≈##
##~###.~≈~†F≈~≈≈≈≈≈≈≈≈#
#.# #.~≈SSS~≈≈≈≈≈≈≈≈≈#
#.# #.~≈~.≈≈≈≈≈≈.≈≈≈≈##
#∩# #.~≈~.≈≈≈≈≈..~≈≈≈≈#
#.# #.~≈~~≈≈≈≈~).~≈≈≈≈#
#∩# #.~≈~~≈≈≈~?)$.≈≈≈≈#
#.# #.~≈~≈≈≈≈~.[?≈≈≈≈≈#
### #.~≈≈~≈≈..~.~≈≈≈≈≈#


You could see a bullfrog, an adder and 2 ball pythons.

Vanquished Creatures
  A bullfrog (Sewer)
  5 adders
  A worm (D:2)
  A dart slug (D:1)
  9 ball pythons
  4 bats (D:1)
  A bat skeleton (D:2)
  3 endoplasms (D:1)
  4 giant cockroaches
  3 goblins
  6 hobgoblins
  4 jackals (D:2)
  5 kobolds
  5 quokkas
  2 ball python skeletons (D:2)
  8 frilled lizards
  A quokka skeleton (D:2)
  4 rats
67 creatures vanquished.

Notes
Turn   | Place    | Note
-------+----------+-------------------------------------------
     0 | D:1      | Nedwor the Merfolk Gladiator began the quest for the Orb.
     0 | D:1      | Reached XP level 1. HP: 16/16 MP: 1/1
   112 | D:1      | Reached XP level 2. HP: 23/23 MP: 2/2
   830 | D:1      | Reached XP level 3. HP: 28/28 MP: 3/3
  1192 | D:2      | Reached XP level 4. HP: 25/35 MP: 4/4
  1519 | D:3      | Reached skill level 5 in Long Blades
  1540 | D:3      | Found a glowing drain.
  1548 | Sewer    | Entered a sewer
  1589 | Sewer    | Reached skill level 5 in Dodging
  1610 | Sewer    | Reached XP level 5. HP: 41/41 MP: 5/5
  1645 | Sewer    | HP: 2/41 [poisoned by an adder]
  1646 | Sewer    | Succumbed to an adder's poison

Illustrated notes

Levels and vault maps discovered:
D:1:      matt_arrival_grand_opening, layout_loops_corners,
          chequers_serial_rivers_large_b, minmay_pentomino_u2
D:2:      layout_rooms, serial_undead, serial_undead_f, serial_undead_a,
          serial_undead_b, serial_undead_e, serial_undead_c, serial_undead_c,
          serial_undead_d, serial_undead_e
D:3:      layout_basic, shapermc_ecumenical_altar_acropolis,
          gup_sewer_entry_bubbles
Sewer:    sewer_frog_island_01

Skill      XL: |  1  2  3  4 |
---------------+-------------+-----
Long Blades    | 4 5 |  5.7
Fighting       | 3 |  3.6
Dodging        | 5 |  5.2
Throwing       | |  2.0

Action                     |  1- 3 |  4- 6 || total
---------------------------+-------+-------++-------
  Melee: Long sword        |   118 |    86 ||   204
         Punch             |     1 |     3 ||     4
         Tailslap          |       |     3 ||     3
    Use: Scroll            |       |     2 ||     2
         Potion            |       |     1 ||     1
   Stab: Sleeping          |     2 |     1 ||     3
 Armour: Leather armour    |    19 |       ||    19
         Ring mail         |    63 |    79 ||   142
  Dodge: Dodged            |   108 |   118 ||   226

Table legend: (Time is in decaauts)
 A = Elapsed time spent in this place.
 B = Non-inter-level travel time spent in this place.
 C = Inter-level travel time spent in this place.
 D = Time resting spent in this place.
 E = Time spent auto-exploring this place.
 F = Levels seen in this place.
 G = Mean time per level.
                   A        B        C        D        E       F      G
               +--------+--------+--------+--------+--------+-----+--------+
         Total |   1638 |   1601 |     37 |      0 |   1130 |   4 |  409.5 |
       Dungeon |   1548 |   1511 |     37 |      0 |   1111 |   3 |  516.0 |
         Sewer |     90 |     90 |      0 |      0 |     18 |   1 |   90.0 |
               +--------+--------+--------+--------+--------+-----+--------+

Top non-repeatable levels by time:
     D:1: 958 daAuts
     D:2: 530 daAuts
   Sewer: 90 daAuts
     D:3: 59 daAuts
